 Dungeon Crawl Stone Soup version 0.26-a0-651-gb41185065b (webtiles) character file.

Game seed: 921559051476220799

81 Lanoc the Grave Robber (level 4, -5/24 HPs)
             Began as a Deep Elf Necromancer on Oct 6, 2020.
             Shot with an arrow by a centaur (8 damage)
             ... on level 4 of the Dungeon.
             The game lasted 00:03:08 (2408 turns).

Lanoc the Grave Robber (Deep Elf Necromancer)       Turns: 2408, Time: 00:03:08

Health: -5/24      AC:  2    Str:  5    XL:     4   Next: 19%
Magic:  8/10       EV: 14    Int: 21    God:
Gold:   143        SH:  0    Dex: 15    Spells: 0/9 levels left

rFire    . . .     SeeInvis .   j - +3 mace (protect)
rCold    . . .     Faith    .   (no shield)
rNeg     . . .     Spirit   .   a - +0 robe
rPois    .         Reflect  .   (no helmet)
rElec    .         Harm     .   (no cloak)
rCorr    .         Rampage  .   (no gloves)
MR       .....                  (no boots)
Stlth    ++........             (no amulet)
HPRegen  0.08/turn              (no ring)
MPRegen  0.12/turn              (no ring)

@: invisible
A: no striking features
a: no special abilities


You were on level 4 of the Dungeon.
You visited 1 branch of the dungeon, and saw 4 of its levels.

You collected 143 gold pieces.

Inventory:

Hand Weapons
 j - a +3 mace of protection (weapon)
Armour
 a - a +0 robe (worn)
Wands
 m - a wand of iceblast (8)
Scrolls
 b - 2 scrolls of enchant weapon
 d - 5 scrolls of remove curse
 f - a scroll of fog
Potions
 e - 2 potions of heal wounds {unknown}
 g - a potion of berserk rage {unknown}
 h - a potion of curing
 i - a potion of might


   Skills:
 + Level 3.6 Dodging
 - Level 2.4 Stealth
 - Level 3.0 Spellcasting
 * Level 6.3 Necromancy


You couldn't memorise any spells.
You knew the following spells:

 Your Spells              Type           Power        Failure   Level
a - Pain                  Necr           ####         1%          1
b - Animate Skeleton      Necr           ####..       1%          1
c - Vampiric Draining     Necr           ####......   3%          3
d - Animate Dead          Necr           ####......   10%         4

Your spell library contained the following spells:

 Spells                   Type           Power        Failure   Level
 Agony                    Necr           ####....     26%         5


Dungeon Overview and Level Annotations

Branches:
Dungeon (4/15)
 Temple: D:4-7

Altars:


Message History

As you read the scroll of identify, it crumbles to dust.
h - a potion of curing
As you read the scroll labeled IQUUCE KEDY, it crumbles to dust.
The scroll dissolves into smoke.
It was a scroll of fog.
As you read the scroll labeled XIGOBB FIHORR, it crumbles to dust.
You feel strangely unstable.
It was a scroll of teleportation.
As you read the scroll labeled KAEPPELERR, it crumbles to dust.
The dust glows pale silver!
It was a scroll of random uselessness.
Your surroundings suddenly seem different.
A centaur comes into view.
The centaur shouts!
The centaur wields a +0 shortbow.
The centaur shoots an arrow.
The arrow hits you!!
Ouch! That really hurt!
* * * LOW HITPOINT WARNING * * *
Found an arrow.
Found a stone staircase leading down.
You see here an arrow.
You fade into invisibility!
The centaur shoots an arrow.
The arrow hits you!
You die...

#.# #.# #.# #c#
#######.#######
...............
...............
#..@......>
#..........
#..........
#..........
#..........
#..........
#..........
#..........


You could see a centaur.

Vanquished Creatures
  A gnoll (D:1)
  An adder (D:4)
  A worm (D:3)
  A dart slug (D:1)
  A leopard gecko (D:1)
  8 orcs
  A ball python (D:1)
  2 bats
  A giant cockroach (D:3)
  6 goblins
  4 hobgoblins
  5 jackals (D:2)
  5 kobolds
  2 frilled lizards (D:3)
  6 rats
45 creatures vanquished.

Vanquished Creatures (others)
  3 plants (D:3)
3 creatures vanquished.

Grand Total: 48 creatures vanquished

Notes
Turn   | Place    | Note
-------+----------+-------------------------------------------
     0 | D:1      | Lanoc the Deep Elf Necromancer began the quest for the Orb.
     0 | D:1      | Reached XP level 1. HP: 10/10 MP: 6/6
    76 | D:1      | Reached skill level 5 in Necromancy
    76 | D:1      | Reached XP level 2. HP: 10/15 MP: 2/8
   202 | D:1      | Learned a level 1 spell: Animate Skeleton
   794 | D:2      | Reached XP level 3. HP: 16/19 MP: 6/9
   863 | D:2      | Learned a level 3 spell: Vampiric Draining
  1323 | D:3      | Reached skill level 6 in Necromancy
  2213 | D:3      | Reached XP level 4. HP: 20/24 MP: 5/10
  2282 | D:3      | Learned a level 4 spell: Animate Dead
  2407 | D:4      | Noticed a centaur
  2408 | D:4      | Shot with an arrow by a centaur

Illustrated notes

Levels and vault maps discovered:
D:1:      noname_arrival_rooms_in_the_neighbourhood, layout_basic
D:2:      layout_rooms
D:3:      layout_basic, guppyfry_early_lair_pool
D:4:      layout_basic, portal_sewer_entry_a

Skill      XL: |  1  2  3 |
---------------+----------+-----
Necromancy     | 5 6 |  6.3
Dodging        | 3 |  3.6
Stealth        | |  2.4
Spellcasting   | |  3.0

Action                   |  1- 3 |  4- 6 || total
-------------------------+-------+-------++-------
Melee: Mace              |     3 |       ||     3
 Cast: Pain              |    70 |     7 ||    77
       Vampiric Draining |     1 |       ||     1
  Use: Scroll            |       |     8 ||     8
       Potion            |       |     1 ||     1
Armor: Robe              |     2 |       ||     2
Dodge: Dodged            |     6 |       ||     6

Table legend: (Time is in decaauts)
 A = Elapsed time spent in this place.
 B = Non-inter-level travel time spent in this place.
 C = Inter-level travel time spent in this place.
 D = Time resting spent in this place.
 E = Time spent auto-exploring this place.
 F = Levels seen in this place.
 G = Mean time per level.
                   A        B        C        D        E       F      G
               +--------+--------+--------+--------+--------+-----+--------+
         Total |   2409 |   2391 |     18 |     21 |   2143 |   4 |  602.2 |
       Dungeon |   2409 |   2391 |     18 |     21 |   2143 |   4 |  602.2 |
               +--------+--------+--------+--------+--------+-----+--------+

Top non-repeatable levels by time:
     D:3: 1157 daAuts
     D:1: 792 daAuts
     D:2: 442 daAuts
     D:4: 16 daAuts
